| TOP OF THE 1ST |
|
Palm Beach Nationals batting - Pitching for Miami Beach Marlins : RHP Jorge Lopez
|
|
Pitching: RHP Jorge Lopez
|
|
|
Batting: RHB Bobby Bricker
|
0-0: Ball 1-0: Ball 2-0: Ball 3-0: Called Strike 3-1: Ground out 6-3 (Groundball, 6, EV 101.2 MPH)
|
|
Batting: LHB Vince McLane
|
0-0: Ball 1-0: Ball 2-0: Ground out 4-3 (Groundball, 4, EV 86.2 MPH)
|
|
Batting: RHB Steve Bauman
|
0-0: Ball 1-0: Ground out 5-3 (Groundball, 56, EV 105.0 MPH)
|
| Top of the 1st over - 0 runs, 0 hits, 0 errors, 0 left on base; Palm Beach 0 - Miami Beach 0 |
| BOTTOM OF THE 1ST |
|
Miami Beach Marlins batting - Pitching for Palm Beach Nationals : RHP Matt Norris
|
|
Pitching: RHP Matt Norris
|
|
|
Batting: LHB Eric Bailey
|
0-0: Called Strike 0-1: Ball 1-1: Called Strike 1-2: Ball 2-2: Ball 3-2: Foul Ball, location: 2F 3-2: Base on Balls
|
|
Batting: RHB Dale Young
|
0-0: Called Strike 0-1: Fly out, F3 (Popup, 3SF, EV 73.8 MPH)
|
|
Batting: RHB Willie Chavez
|
0-0: Ball 1-0: Ball 2-0: Ball 3-0: Called Strike 3-1: Base on Balls Eric Bailey to second
|
|
Batting: RHB Erik Coleman
|
0-0: Ball 1-0: Foul Ball, location: 2F 1-1: Swinging Strike 1-2: Grounds into double play, U5-3 (Groundball, 5L, EV 105.0 MPH)
|
| Bottom of the 1st over - 0 runs, 0 hits, 0 errors, 1 left on base; Palm Beach 0 - Miami Beach 0 |
| TOP OF THE 2ND |
|
Palm Beach Nationals batting - Pitching for Miami Beach Marlins : RHP Jorge Lopez
|
|
Batting: RHB Gabe Almazan
|
0-0: Ball 1-0: Called Strike 1-1: Ground out 4-3 (Groundball, 4, EV 88.8 MPH)
|
|
Batting: LHB Chance McWilliams
|
0-0: Ball 1-0: Ground out U3 (Groundball, 3, EV 108.1 MPH)
|
|
Batting: RHB Antonio Vallez
|
0-0: Ball 1-0: Ball 2-0: Called Strike 2-1: Fly out, F5 (Popup, 5S, EV 77.5 MPH)
|
| Top of the 2nd over - 0 runs, 0 hits, 0 errors, 0 left on base; Palm Beach 0 - Miami Beach 0 |
| BOTTOM OF THE 2ND |
|
Miami Beach Marlins batting - Pitching for Palm Beach Nationals : RHP Matt Norris
|
|
Batting: RHB J.D. Vander Klok
|
0-0: Foul Ball, location: 2F 0-1: Swinging Strike 0-2: Foul Ball, location: 2F 0-2: Strikes out swinging
|
|
Batting: RHB Andy Kelly
|
0-0: Called Strike 0-1: Ball 1-1: Ground out 6-3 (Groundball, 6D, EV 105.0 MPH)
|
|
Batting: LHB Matt McKeon
|
0-0: Called Strike 0-1: Ball 1-1: Ball 2-1: Ball 3-1: Base on Balls
|
|
Batting: RHB Tony Ledezma
|
0-0: Ball 1-0: Swinging Strike 1-1: Ground out 4-3 (Groundball, 4D, EV 85.6 MPH)
|
| Bottom of the 2nd over - 0 runs, 0 hits, 0 errors, 1 left on base; Palm Beach 0 - Miami Beach 0 |
| TOP OF THE 3RD |
|
Palm Beach Nationals batting - Pitching for Miami Beach Marlins : RHP Jorge Lopez
|
|
Batting: RHB Jelexiz Cuenca
|
0-0: Ball 1-0: SINGLE (Line Drive, 8RS, EV 97.5 MPH)
|
|
Batting: RHB Dave Burwell
|
0-0: Ball 1-0: SINGLE (Line Drive, 34, EV 98.8 MPH) Jelexiz Cuenca to second Runner from 2nd tries for 3rd, SAFE, throw by RF made to third
|
|
Batting: RHB Justin Davenport
|
0-0: Ball 1-0: Foul Ball, location: 2F 1-1: SINGLE (Line Drive, 8RS, EV 105.0 MPH) Jelexiz Cuenca scores Dave Burwell to second
|
|
Batting: RHB Bobby Bricker
|
0-0: Swinging Strike 0-1: Ball 1-1: Ball 2-1: Ball 3-1: Called Strike 3-2: Foul Ball, location: 2F 3-2: Fly out, F6 (Popup, 6MS, EV 75.0 MPH)
|
|
Batting: LHB Vince McLane
|
0-0: Ball Dave Burwell is caught stealing 3rd base 2-5 Justin Davenport to second 1-0: Called Strike 1-1: Reached on error, E3 (Groundball, 34S, EV 85.6 MPH) Justin Davenport to third
|
|
Batting: RHB Steve Bauman
|
0-0: Called Strike 0-1: Ball 1-1: Ball 2-1: Ball 3-1: Fielders Choice at 2nd, U4 (Groundball, 4M, EV 99.4 MPH)
|
| Top of the 3rd over - 1 run, 3 hits, 1 error, 2 left on base; Palm Beach 1 - Miami Beach 0 |
| BOTTOM OF THE 3RD |
|
Miami Beach Marlins batting - Pitching for Palm Beach Nationals : RHP Matt Norris
|
|
Batting: RHB Axel Moltke
|
0-0: Swinging Strike 0-1: DOUBLE (Line Drive, 3D, EV 98.1 MPH)
|
|
Batting: LHB Eric Bailey
|
0-0: Ball 1-0: Called Strike 1-1: Swinging Strike 1-2: Ball 2-2: Ball 3-2: Foul Ball, location: 2F 3-2: Base on Balls
|
|
Batting: RHB Dale Young
|
0-0: Called Strike 0-1: Fly out, F8 (Flyball, 8RD, EV 103.8 MPH)
|
|
Batting: RHB Willie Chavez
|
0-0: Ball 1-0: Ball 2-0: Foul Ball, location: 2F 2-1: Ball 3-1: Grounds into double play, 4-6-3 (Groundball, 4S, EV 86.2 MPH)
|
| Bottom of the 3rd over - 0 runs, 1 hit, 0 errors, 1 left on base; Palm Beach 1 - Miami Beach 0 |
| TOP OF THE 4TH |
|
Palm Beach Nationals batting - Pitching for Miami Beach Marlins : RHP Jorge Lopez
|
|
Batting: RHB Gabe Almazan
|
0-0: Ball 1-0: Called Strike 1-1: Ball 2-1: Foul Ball, location: 2F 2-2: Foul Ball, location: 2F 2-2: Fly out, F6 (Popup, 6, EV 57.5 MPH)
|
|
Batting: LHB Chance McWilliams
|
0-0: Called Strike 0-1: Swinging Strike 0-2: Strikes out looking
|
|
Batting: RHB Antonio Vallez
|
0-0: Foul Ball, location: 2F 0-1: Called Strike 0-2: Ball 1-2: Strikes out swinging
|
| Top of the 4th over - 0 runs, 0 hits, 0 errors, 0 left on base; Palm Beach 1 - Miami Beach 0 |
| BOTTOM OF THE 4TH |
|
Miami Beach Marlins batting - Pitching for Palm Beach Nationals : RHP Matt Norris
|
|
Batting: RHB Erik Coleman
|
0-0: Called Strike 0-1: Ball 1-1: Ball 2-1: Ball 3-1: Base on Balls
|
|
Batting: RHB J.D. Vander Klok
|
0-0: Ball 1-0: Ball 2-0: SINGLE (Groundball, 6D, EV 98.1 MPH) Erik Coleman to second
|
|
Batting: RHB Andy Kelly
|
0-0: Ball 1-0: Called Strike 1-1: Foul Ball, location: 2F 1-2: Fielders Choice at 2nd, 6-4 (Groundball, 6MD, EV 76.9 MPH) Erik Coleman to third
|
|
Pitching: LHP Kevin Besser
|
|
|
Batting: LHB Matt McKeon
|
0-0: Foul Ball, location: 2F 0-1: Ball 1-1: Fly out, F7 (Flyball, 7S, EV 95.6 MPH)
|
|
Batting: RHB Tony Ledezma
|
0-0: Ball 1-0: Ground out 4-3 (Groundball, 4, EV 83.1 MPH)
|
| Bottom of the 4th over - 0 runs, 1 hit, 0 errors, 2 left on base; Palm Beach 1 - Miami Beach 0 |
| TOP OF THE 5TH |
|
Palm Beach Nationals batting - Pitching for Miami Beach Marlins : RHP Jorge Lopez
|
|
Batting: RHB Jelexiz Cuenca
|
0-0: Foul Ball, location: 2F 0-1: Ball 1-1: Fly out, F8 (Flyball, 8LS, EV 90.6 MPH)
|
|
Batting: RHB Dave Burwell
|
0-0: Called Strike 0-1: Fly out, F8 (Flyball, 89XD, EV 103.1 MPH)
|
|
Batting: RHB Justin Davenport
|
0-0: Ball 1-0: Called Strike 1-1: Swinging Strike 1-2: Ball 2-2: Ball 3-2: Strikes out swinging
|
| Top of the 5th over - 0 runs, 0 hits, 0 errors, 0 left on base; Palm Beach 1 - Miami Beach 0 |
| BOTTOM OF THE 5TH |
|
Miami Beach Marlins batting - Pitching for Palm Beach Nationals : LHP Kevin Besser
|
|
Batting: RHB Axel Moltke
|
0-0: Ball 1-0: Ball 2-0: Ball 3-0: Called Strike 3-1: Foul Ball, location: 2F 3-2: Base on Balls
|
|
Batting: LHB Eric Bailey
|
0-0: Ball 1-0: Ball 2-0: Called Strike 2-1: Ball 3-1: Base on Balls Axel Moltke to second
|
|
Batting: RHB Dale Young
|
0-0: Ball 1-0: Foul Ball, location: 2F 1-1: Ball 2-1: Ball 3-1: Foul Ball, location: 2F 3-2: Foul Ball, location: 2F 3-2: Base on Balls Axel Moltke to third Eric Bailey to second
|
|
Batting: RHB Willie Chavez
|
0-0: Ball 1-0: Ball 2-0: Foul Ball, location: 2F 2-1: Ball 3-1: Base on Balls Axel Moltke scores Eric Bailey to third Dale Young to second
|
|
Batting: RHB Erik Coleman
|
0-0: Ball 1-0: Grounds into double play, 4-6-3 (Groundball, 4M, EV 83.1 MPH) Eric Bailey scores Dale Young to third
|
|
Batting: RHB J.D. Vander Klok
|
0-0: SINGLE (Line Drive, 7S, EV 93.1 MPH) Dale Young scores
|
|
Batting: RHB Andy Kelly
|
0-0: Ball 1-0: SINGLE (Groundball, 56D, EV 105.6 MPH) J.D. Vander Klok to second
|
|
Batting: LHB Matt McKeon
|
0-0: Ball 1-0: Ball 2-0: Called Strike 2-1: Ball 3-1: Foul Ball, location: 2F 3-2: Base on Balls J.D. Vander Klok to third Andy Kelly to second
|
|
Batting: RHB Tony Ledezma
|
0-0: Called Strike 0-1: Ball 1-1: Ball 2-1: Foul Ball, location: 2F 2-2: Foul Ball, location: 2F 2-2: Fly out, F7 (Flyball, 78S, EV 86.9 MPH)
|
| Bottom of the 5th over - 3 runs, 2 hits, 0 errors, 3 left on base; Palm Beach 1 - Miami Beach 3 |
| TOP OF THE 6TH |
|
Palm Beach Nationals batting - Pitching for Miami Beach Marlins : RHP Jorge Lopez
|
|
Batting: RHB Bobby Bricker
|
0-0: Ball 1-0: Foul Ball, location: 2F 1-1: Swinging Strike 1-2: Strikes out swinging
|
|
Batting: LHB Vince McLane
|
0-0: Ball 1-0: Ball 2-0: Called Strike 2-1: Ball 3-1: Foul Ball, location: 2F 3-2: Strikes out looking
|
|
Batting: RHB Steve Bauman
|
0-0: Ball 1-0: Ball 2-0: Ball 3-0: Called Strike 3-1: Ground out 5-3 (Groundball, 56S, EV 70.0 MPH)
|
| Top of the 6th over - 0 runs, 0 hits, 0 errors, 0 left on base; Palm Beach 1 - Miami Beach 3 |
| BOTTOM OF THE 6TH |
|
Miami Beach Marlins batting - Pitching for Palm Beach Nationals : LHP Kevin Besser
|
|
Batting: RHB Axel Moltke
|
0-0: Called Strike 0-1: Ball 1-1: Ball 2-1: Ball 3-1: Base on Balls
|
|
Batting: LHB Eric Bailey
|
0-0: Ball 1-0: Ball 2-0: Ball 3-0: Base on Balls Axel Moltke to second
|
|
Batting: RHB Dale Young
|
0-0: Ball 1-0: Ball 2-0: Ball 3-0: Base on Balls Axel Moltke to third Eric Bailey to second
|
|
Batting: RHB Willie Chavez
|
0-0: Ball 1-0: Called Strike 1-1: Ball 2-1: Foul Ball, location: 2F 2-2: Ball 3-2: Foul Ball, location: 2F 3-2: Base on Balls Axel Moltke scores Eric Bailey to third Dale Young to second
|
|
Pitching: RHP Kiyonaga Nakamura
|
|
|
Batting: RHB Erik Coleman
|
0-0: Ball 1-0: Swinging Strike 1-1: Ball 2-1: Called Strike 2-2: Ball 3-2: Base on Balls Eric Bailey scores Dale Young to third Willie Chavez to second
|
|
Batting: RHB J.D. Vander Klok
|
0-0: Called Strike 0-1: SINGLE (Flyball, 6D, EV 86.2 MPH) Dale Young scores Willie Chavez to third Erik Coleman to second
|
|
Batting: RHB Andy Kelly
|
0-0: Called Strike 0-1: Called Strike 0-2: Ball 1-2: Foul Ball, location: 2F 1-2: Foul Ball, location: 2F 1-2: Fly out, F5 (Popup, 5SF, EV 68.1 MPH)
|
|
Batting: LHB Matt McKeon
|
0-0: Foul Ball, location: 2F 0-1: Ball 1-1: Foul Ball, location: 2F 1-2: Foul Ball, location: 2F 1-2: Ball 2-2: Ball 3-2: Ground out 5-3 (Groundball, 56, EV 105.6 MPH) Willie Chavez scores Erik Coleman to third J.D. Vander Klok to second
|
|
Batting: RHB Tony Ledezma
|
0-0: Foul Ball, location: 2F 0-1: SINGLE (Groundball, 34D, EV 103.8 MPH) Erik Coleman scores J.D. Vander Klok to third
|
|
Batting: RHB Axel Moltke
|
0-0: Ball 1-0: Called Strike 1-1: Ball 2-1: Ball 3-1: Foul Ball, location: 2F 3-2: Fly out, F6 (Popup, 6, EV 60.0 MPH)
|
| Bottom of the 6th over - 5 runs, 2 hits, 0 errors, 2 left on base; Palm Beach 1 - Miami Beach 8 |
| TOP OF THE 7TH |
|
Palm Beach Nationals batting - Pitching for Miami Beach Marlins : RHP Jorge Lopez
|
|
Batting: RHB Gabe Almazan
|
0-0: Foul Ball, location: 2F 0-1: Called Strike 0-2: SINGLE (Line Drive, 8LS, EV 98.8 MPH)
|
|
Pitching: RHP Cory Levine
|
|
|
Batting: LHB Chance McWilliams
|
0-0: Called Strike 0-1: Ball 1-1: Ball 2-1: Foul Ball, location: 2F 2-2: Strikes out swinging
|
|
Batting: RHB Antonio Vallez
|
0-0: Foul Ball, location: 2F 0-1: Ball 1-1: Ball Gabe Almazan steals 2nd base (no throw) 2-1: Called Strike 2-2: Ball 3-2: 2-RUN HOME RUN (Flyball, 7D, EV 97.5 MPH), Distance : 409 ft
|
|
Batting: RHB Jelexiz Cuenca
|
0-0: Called Strike 0-1: Ball 1-1: Swinging Strike 1-2: Ball 2-2: Foul Ball, location: 2F 2-2: Strikes out looking
|
|
Batting: RHB Dave Burwell
|
0-0: Ball 1-0: Ground out 5-3 (Groundball, 56, EV 85.6 MPH)
|
| Top of the 7th over - 2 runs, 2 hits, 0 errors, 0 left on base; Palm Beach 3 - Miami Beach 8 |
| BOTTOM OF THE 7TH |
|
Miami Beach Marlins batting - Pitching for Palm Beach Nationals : RHP Kiyonaga Nakamura
|
|
Batting: LHB Eric Bailey
|
0-0: Ground out 6-3 (Groundball, 6, EV 105.6 MPH)
|
|
Batting: RHB Dale Young
|
0-0: Ball 1-0: Called Strike 1-1: Called Strike 1-2: Ball 2-2: Foul Ball, location: 2F 2-2: Foul Ball, location: 2F 2-2: Ball 3-2: Foul Ball, location: 2F 3-2: Base on Balls
|
|
Batting: RHB Willie Chavez
|
0-0: Called Strike Dale Young steals 2nd base (no throw) 0-1: Ground out 4-3 (Groundball, 4, EV 108.8 MPH) Dale Young to third
|
|
Batting: RHB Erik Coleman
|
0-0: Ball Wild Pitch! Dale Young scores 1-0: Ball 2-0: Ball 3-0: Called Strike 3-1: Base on Balls
|
|
Batting: RHB J.D. Vander Klok
|
0-0: Ball 1-0: Ball 2-0: Foul Ball, location: 2F 2-1: Foul Ball, location: 2F 2-2: Foul Ball, location: 2F 2-2: Ball 3-2: Fly out, F8 (Line Drive, 8RM, EV 90.6 MPH)
|
| Bottom of the 7th over - 1 run, 0 hits, 0 errors, 1 left on base; Palm Beach 3 - Miami Beach 9 |
| TOP OF THE 8TH |
|
Palm Beach Nationals batting - Pitching for Miami Beach Marlins : RHP Cory Levine
|
|
Batting: RHB Justin Davenport
|
0-0: Ball 1-0: Foul Ball, location: 2F 1-1: Called Strike 1-2: Ball 2-2: Ball 3-2: Base on Balls
|
|
Batting: RHB Bobby Bricker
|
0-0: Swinging Strike 0-1: Ball 1-1: Swinging Strike 1-2: Strikes out swinging
|
|
Batting: LHB Vince McLane
|
0-0: Ball 1-0: Called Strike 1-1: Swinging Strike 1-2: Ball 2-2: Ball 3-2: Fly out, F8 (Line Drive, 8LM, EV 100.6 MPH)
|
|
Batting: RHB Steve Bauman
|
Pickoff Throw to First - Error! E1 Justin Davenport to second 0-0: Ball 1-0: Called Strike 1-1: Ball 2-1: Ball 3-1: SINGLE (Groundball, 56S, EV 74.4 MPH) (infield hit) Justin Davenport to third
|
|
Batting: RHB Gabe Almazan
|
0-0: Ball 1-0: Called Strike 1-1: Ball 2-1: Fly out, F4 (Popup, 4M, EV 70.0 MPH)
|
| Top of the 8th over - 0 runs, 1 hit, 1 error, 2 left on base; Palm Beach 3 - Miami Beach 9 |
| BOTTOM OF THE 8TH |
|
Miami Beach Marlins batting - Pitching for Palm Beach Nationals : RHP Kiyonaga Nakamura
|
|
Batting: RHB Andy Kelly
|
0-0: Ball 1-0: SOLO HOME RUN (Flyball, 78XD, EV 114.4 MPH), Distance : 434 ft
|
|
Batting: LHB Matt McKeon
|
0-0: Ball 1-0: Ball 2-0: Ball 3-0: Base on Balls
|
|
Batting: RHB Tony Ledezma
|
0-0: Ball 1-0: Called Strike 1-1: Ball 2-1: Fly out, F6 (Flyball, 56D, EV 90.6 MPH)
|
|
Pitching: RHP Jessie Fisher
|
|
|
Batting: RHB Axel Moltke
|
0-0: Called Strike 0-1: Ball 1-1: Fly out, F4 (Popup, 4M, EV 53.1 MPH)
|
|
Batting: LHB Eric Bailey
|
0-0: Ball 1-0: Foul Ball, location: 2F 1-1: DOUBLE (Flyball, 78D, EV 106.9 MPH) Matt McKeon to third Runner from 3rd tries for Home, SAFE, no throw by LF
|
|
Batting: RHB Dale Young
|
0-0: Ball 1-0: Ball 2-0: Ball 3-0: Base on Balls
|
|
Batting: RHB Willie Chavez
|
0-0: Ball 1-0: Fly out, F9 (Flyball, 9, EV 90.0 MPH)
|
| Bottom of the 8th over - 2 runs, 2 hits, 0 errors, 2 left on base; Palm Beach 3 - Miami Beach 11 |
| TOP OF THE 9TH |
|
Palm Beach Nationals batting - Pitching for Miami Beach Marlins : RHP Cory Levine
|
|
Batting: LHB Chance McWilliams
|
0-0: Ball 1-0: Called Strike 1-1: Ball 2-1: Foul Ball, location: 2F 2-2: Foul Ball, location: 2F 2-2: Ball 3-2: Strikes out swinging, 2-3 out at first.
|
|
Pitching: RHP Jorge Lara
|
|
|
Batting: RHB Antonio Vallez
|
0-0: Foul Ball, location: 2F 0-1: Called Strike 0-2: Foul Ball, location: 2F 0-2: Ball 1-2: Ball 2-2: Strikes out looking
|
|
Batting: RHB Jelexiz Cuenca
|
0-0: SINGLE (Line Drive, 8LS, EV 107.5 MPH)
|
|
Batting: RHB Dave Burwell
|
0-0: Ball 1-0: Called Strike 1-1: Foul Ball, location: 2F 1-2: Strikes out looking
|
| Top of the 9th over - 0 runs, 1 hit, 0 errors, 1 left on base; Palm Beach 3 - Miami Beach 11 |
|